 Dungeon Crawl Stone Soup version 0.29-a0-380-gf50f0a9fbc (webtiles) character file.

Game seed: 14672901033662185137

180 bande the Skirmisher (level 5, -13/33 HPs)
             Began as a Gargoyle Fighter on May 5, 2022.
             Mangled by Crazy Yiuf
             ... wielding a +4 quarterstaff of chaos
              (21 damage)
             ... on level 3 of the Dungeon.
             The game lasted 00:04:02 (3552 turns).

bande the Skirmisher (Gargoyle Fighter)             Turns: 3552, Time: 00:04:03

Health: -13/33     AC: 15    Str: 19    XL:     5   Next: 60%
Magic:  2/5        EV:  7    Int:  9    God:
Gold:   137        SH:  4    Dex: 11    Spells: 4/4 levels left

rFire   . . .      SeeInvis .   a - +1 war axe
rCold   . . .      Faith    .   c - +0 buckler
rNeg    + . .      Spirit   .   i - +0 chain mail
rPois   ∞          Reflect  .   f - +1 helmet
rElec   +          Harm     .   (no cloak)
rCorr   .          Rampage  .   (no gloves)
Will    .....                   (no boots)
Stlth   ..........              (no amulet)
HPRegen 0.11/turn               (no ring)
MPRegen 0.09/turn               (no ring)

@: slowed, very slow
A: sickness immunity, AC +4, negative energy resistance 1, electricity
resistance, torment resistance 1, petrification resistance
a: no special abilities


You were on level 3 of the Dungeon.
You visited 1 branch of the dungeon, and saw 3 of its levels.

You collected 137 gold pieces.

Inventory:

Hand Weapons
 a - a +1 war axe (weapon)
 n - a +0 morningstar
Armour
 c - a +0 buckler (worn)
 f - a +1 helmet (worn)
 i - a +0 chain mail (worn)
Scrolls
 g - a scroll of enchant weapon
 j - a scroll of vulnerability {unknown}
Potions
 b - a potion of magic {unknown}
 d - a potion of might
 e - a potion of curing {unknown}
 h - a potion of haste {unknown}
 l - a potion of flight {unknown}
 m - 2 potions of invisibility {unknown}


   Skills:
 + Level 4.2 Fighting
 + Level 4.0 Axes
 + Level 3.8 Armour
 + Level 0.1 Stealth
 + Level 3.7 Shields


You had 4 spell levels left.
You didn't know any spells.
Your spell library contained the following spells:

 Spells                   Type           Power      Damage    Failure   Level
 Sandblast                Erth           0%         2d4       99%         1
 Passwall                 Tmut/Erth      0%         N/A       100%        2
 Stone Arrow              Conj/Erth      0%         3d7       100%        3


Dungeon Overview and Level Annotations

Branches:
Dungeon (3/15)

Altars:

Annotations:
D:3 Crazy Yiuf


Innate Abilities, Weirdness & Mutations

You are immune to sickness and miasma.
Your stone body is resilient. (AC +4)
You are immune to poison.
You resist negative energy. (rN+)
You are resistant to electric shocks. (rElec)
You are resistant to unholy torment.
You are immune to petrification.


Message History

Things that are here:
a +0 mace; a +0 scale mail
Things that are here:
a +0 mace; a +0 scale mail You see here a +0 short sword.
You see here a +0 mace.
You see here a +0 mace.
You see here a +0 mace.
You see here a +0 mace.
You see here a +0 mace.
Crazy Yiuf shouts!
No reachable target in view!
No reachable target in view!
No reachable target in view!
You open the door. Crazy Yiuf hits you but does no damage.
There is an open translucent door here.
You hit Crazy Yiuf.
Crazy Yiuf is moderately wounded.
You block Crazy Yiuf's attack.
You hit Crazy Yiuf but do no damage.
Crazy Yiuf is moderately wounded.
Crazy Yiuf hits you with a +4 quarterstaff of chaos!
You feel your power leaking away.
You hit Crazy Yiuf.
Crazy Yiuf is moderately wounded.
You block Crazy Yiuf's attack.
Crazy Yiuf hits you with a +4 quarterstaff of chaos.
You barely miss Crazy Yiuf.
Crazy Yiuf is moderately wounded.
Crazy Yiuf grits, "Ghoul cower arm!"
Crazy Yiuf hits you with a +4 quarterstaff of chaos.
You feel yourself slow down.
You hit Crazy Yiuf.
Crazy Yiuf is moderately wounded.
Crazy Yiuf hits you with a +4 quarterstaff of chaos!
* * * LOW HITPOINT WARNING * * *
Space warps horribly around you!!
Ouch! That really hurt!
You die...

#.# #))))# #.#
♣))))♣ #.# ♣♣)).♣
#.# ♣♣.♣♣ #.#
♣♣.♣ #.# ♣.♣♣ #.#
♣♣.♣ #.# ♣.♣♣ #.#
#@# #.# #.g.# #.#
#...# ##### #.#
#)..# #...# #.#
##### #...# #.#
#...# #.####
######...# #....#
#........########
#....#
#................


You could see Crazy Yiuf.

Vanquished Creatures
  A jelly (D:2)
  3 adders
  A gnoll (D:2)
  2 worms
  4 dart slugs
  8 orcs (D:3)
  5 bats
  18 endoplasms
  2 giant cockroaches (D:1)
  3 goblins (D:1)
  4 hobgoblins
  10 jackals
  2 quokkas (D:2)
  4 ball pythons
  4 frilled lizards
  9 kobolds
  4 rats
84 creatures vanquished.

Vanquished Creatures (others)
  6 fungi (D:2)
  10 toadstools (D:2)
16 creatures vanquished.

Grand Total: 100 creatures vanquished

Notes
Turn   | Place    | Note
-------+----------+-------------------------------------------
     0 | D:1      | bande the Gargoyle Fighter began the quest for the Orb.
     0 | D:1      | Reached XP level 1. HP: 14/14 MP: 1/1
   230 | D:1      | Reached XP level 2. HP: 19/19 MP: 2/2
   744 | D:1      | Reached XP level 3. HP: 23/23 MP: 3/3
  1177 | D:2      | Found a faded altar of an unknown god.
  1531 | D:2      | Reached XP level 4. HP: 24/29 MP: 4/4
  2640 | D:2      | Reached XP level 5. HP: 26/33 MP: 5/5
  3367 | D:3      | Found a runed translucent door.
  3368 | D:3      | Noticed Crazy Yiuf
  3552 | D:3      | Mangled by Crazy Yiuf

Illustrated notes

Levels and vault maps discovered:
D:1:      minmay_arrival_doors, layout_basic, minmay_tromino_i4
D:2:      cheibrodos_fertilizer, layout_basic,
          hellmonk_ecumenical_altar_zigzags, cheibrodos_gnoll_hut
D:3:      layout_rooms, uniq_crazy_yiuf_cottage

Skill      XL: |  1  2  3  4  5 |
---------------+----------------+-----
Axes           | 2 3 4 |  4.0
Fighting       | 4 |  4.2
Armour         | |  3.8
Stealth        | |  0.1
Shields        | |  3.7

Action                   |  1- 3 |  4- 6 || total
-------------------------+-------+-------++-------
Melee: War axe           |   129 |   111 ||   240
  Use: Scroll            |     4 |     1 ||     5
Armor: Scale mail        |    39 |       ||    39
       Chain mail        |    65 |    68 ||   133
Dodge: Dodged            |    75 |    29 ||   104
Block: Buckler           |    28 |    28 ||    56

Table legend: (Time is in decaauts)
 A = Elapsed time spent in this place.
 B = Non-inter-level travel time spent in this place.
 C = Inter-level travel time spent in this place.
 D = Time resting spent in this place.
 E = Time spent auto-exploring this place.
 F = Levels seen in this place.
 G = Mean time per level.
                   A        B        C        D        E       F      G
               +--------+--------+--------+--------+--------+-----+--------+
         Total |   3647 |   3647 |      0 |    794 |   2141 |   3 | 1215.7 |
       Dungeon |   3647 |   3647 |      0 |    794 |   2141 |   3 | 1215.7 |
               +--------+--------+--------+--------+--------+-----+--------+

Top non-repeatable levels by time:
     D:2: 1699 daAuts
     D:1: 1154 daAuts
     D:3: 793 daAuts
